 Dungeon Crawl Stone Soup version 0.27.0-1-g7a08968 (webtiles) character file.

Game seed: 10921891512610735330

230 Illumine the Chopper (level 5, -1/47 HPs)
             Began as a Minotaur Fighter on Aug 27, 2021.
             Engulfed by a steam dragon's steam (15 damage)
             ... on level 7 of the Dungeon.
             The game lasted 00:03:21 (3791 turns).

Illumine the Chopper (Minotaur Fighter)             Turns: 3791, Time: 00:03:21

Health: -1/47      AC:  6    Str: 21    XL:     5   Next: 72%
Magic:  4/4        EV:  8    Int:  5    God:
Gold:   48         SH:  9    Dex: 10    Spells: 4/4 levels left

rFire    . . .     SeeInvis .   a - +0 war axe
rCold    . . .     Faith    .   c - +0 kite shield
rNeg     . . .     Spirit   .   b - +0 scale mail
rPois    .         Reflect  .   (helmet restricted)
rElec    .         Harm     .   (no cloak)
rCorr    .         Rampage  .   (no gloves)
Will     .....                  (no boots)
Stlth    ..........             (no amulet)
HPRegen  0.15/turn              (no ring)
MPRegen  0.09/turn              (no ring)

@: mighty
A: horns 2, retaliatory headbutt
a: no special abilities


You were on level 7 of the Dungeon.
You visited 1 branch of the dungeon, and saw 5 of its levels.

You collected 81 gold pieces.
You spent 33 gold pieces at shops.

Inventory:

Hand Weapons
 a - a +0 war axe (weapon)
 f - a +1 antimagic hand axe
Missiles
 g - 29 poisoned darts (quivered)
 k - 22 sling bullets
 m - 11 boomerangs
Armour
 b - a +0 scale mail (worn)
 c - a +0 kite shield (worn)
Wands
 p - a wand of iceblast (10)
Scrolls
 e - a scroll of enchant weapon {unknown}
 l - a scroll of teleportation
 o - a scroll of vulnerability {unknown}
Potions
 h - a potion of heal wounds
 i - a potion of mutation {unknown}
 j - 2 potions of brilliance
 n - a potion of magic {unknown}


   Skills:
 + Level 4.4 Fighting
 * Level 5.7 Axes
 + Level 0.1 Throwing
 - Level 3.6 Armour
 + Level 1.7 Dodging
 + Level 0.1 Stealth
 + Level 4.5 Shields


You had 4 spell levels left.
You didn't know any spells.
Your spell library was empty.

Dungeon Overview and Level Annotations

Branches:
Dungeon (4/15)
 Temple: D:4-7

Altars:

Shops:
D:1 !   D:3 *


Innate Abilities, Weirdness & Mutations

You have a pair of horns on your head.
You reflexively headbutt those who attack you in melee.


Message History

You kill the ogre!
You start resting.
HP restored.
Things that are here:
a +0 giant club; an ogre skeleton
g - 26 poisoned darts (gained 1)
g - 27 poisoned darts (gained 1)
g - 28 poisoned darts (gained 1)
g - 29 poisoned darts (gained 1)
p - a wand of iceblast (10)
Okay, then.
You now have 48 gold pieces (gained 19).
Found a stone staircase leading down.
A steam dragon comes into view.
The steam dragon hisses angrily.
Found a book of the Earth.
You barely miss the steam dragon. You block the steam dragon's attack.
The steam dragon claws you.
You feel very mighty all of a sudden.
The steam dragon bites you but does no damage.
The steam dragon claws you but does no damage.
Your shield and scale mail prevent you from hitting the steam dragon.
You headbutt the steam dragon!
The steam dragon is moderately wounded.
The steam dragon breathes steam at you. The ball of steam hits you!
The steam dragon bites you! You block the steam dragon's attack.
You closely miss the steam dragon. You headbutt the steam dragon!
The steam dragon is severely wounded.
You are engulfed in a cloud of scalding steam.
* * * LOW HITPOINT WARNING * * *
The steam dragon barely misses you. x2
You hit the steam dragon. Your headbutt misses the steam dragon.
The steam dragon is severely wounded.
You are engulfed in a cloud of scalding steam.
You block the steam dragon's attack. The steam dragon barely misses you.
You closely miss the steam dragon.
The steam dragon is severely wounded.
You are engulfed in a cloud of scalding steam.
You die...

#. ####. # #....## # #
##..... .## # #......
..# ### #.#..>.##..# #.#
###.#.#§#§#..#### # #.#
.......§@D...... #.#.#
#.#.#.#.#:#.#######.#.##
.####......## ..
.......... ..........##
..# ##.###.##
########..# ..# #...
#..###...... #.##
#......... # #.##
#.###.#... #.#. #.#
#.##.# #...


You could see a steam dragon.

Vanquished Creatures
  An ogre (D:7)
  A scorpion (D:4)
  2 adders
  A worm (D:3)
  3 orcs
  5 endoplasms
  4 giant cockroaches
  A goblin (D:1)
  6 hobgoblins
  16 jackals
  3 kobolds
  A quokka (D:4)
  A ball python (D:1)
  2 bats
  4 frilled lizards
  4 rats
55 creatures vanquished.

Notes
Turn   | Place    | Note
-------+----------+-------------------------------------------
     0 | D:1      | Illumine the Minotaur Fighter began the quest for the Orb.
     0 | D:1      | Reached XP level 1. HP: 19/19 MP: 0/0
   135 | D:1      | Found a faded altar of an unknown god.
   209 | D:1      | Reached XP level 2. HP: 26/27 MP: 1/1
   274 | D:1      | Reached skill level 3 in Axes
   362 | D:1      | Found Toerph's Distillery.
   393 | D:1      | Bought a potion of degeneration for 11 gold pieces
   553 | D:1      | Reached XP level 3. HP: 33/33 MP: 2/2
  1860 | D:2      | Reached skill level 4 in Axes
  2104 | D:3      | Reached XP level 4. HP: 19/40 MP: 3/3
  2429 | D:3      | Found Azidyff's General Store.
  2439 | D:3      | Bought a scroll of identify for 22 gold pieces
  2975 | D:4      | Noticed a scorpion
  2987 | D:4      | Killed a scorpion
  2988 | D:4      | Reached skill level 5 in Axes
  2988 | D:4      | Reached skill level 1 in Dodging
  2988 | D:4      | Reached XP level 5. HP: 13/46 MP: 4/4
  3393 | D:4      | You fall into a shaft and drop 3 floors!
  3408 | D:7      | Noticed an ogre
  3423 | D:7      | Killed an ogre
  3785 | D:7      | Noticed a steam dragon
  3791 | D:7      | Engulfed by a steam dragon's steam

Illustrated notes

Levels and vault maps discovered:
D:1:      erik_arrival_cave_to_civilisation [erik_arrival_cave_to_hall],
          layout_basic, ebering_ecumenical_altar_hall, serial_shops, shop
D:2:      layout_basic
D:3:      layout_basic, serial_shops, shop, kennysheep_generic_room_15
D:4:      layout_basic, mainiacjoe_overflow_big_doors, temple_green,
          minmay_cupped
D:7:      layout_loops_ring, lemuel_tele_altar, gammafunk_ghost_smash,
          grunt_potential

Skill      XL: |  1  2  3  4 |
---------------+-------------+-----
Fighting       | 4 |  4.4
Axes           | 3 4 5 |  5.7
Shields        | 4 |  4.5
Dodging        | 1 |  1.7
Throwing       | |  0.1
Armour         | |  3.6
Stealth        | |  0.1

Action                   |  1- 3 |  4- 6 || total
-------------------------+-------+-------++-------
Melee: War axe           |   105 |    39 ||   144
       Headbutt          |    14 |     6 ||    20
Throw: Dart              |       |     4 ||     4
  Use: Scroll            |       |     3 ||     3
       Potion            |       |     1 ||     1
Armor: Scale mail        |    75 |    13 ||    88
Dodge: Dodged            |    43 |     7 ||    50
Block: Kite shield       |    63 |    15 ||    78
